 Dungeon Crawl Stone Soup version 0.31.0-12-g77e489cdc1 (webtiles) character file.

Game seed: 11184236226845758159

131 Ashen the Trooper (level 5, -11/47 HPs)
             Began as a Ghoul Monk on Feb 11, 2024.
             Mangled by an ogre
             ... wielding a +0 giant spiked club
              (12 damage)
             ... on level 3 of the Dungeon.
             The game lasted 00:03:58 (2123 turns).

Ashen the Trooper (Ghoul Monk)                      Turns: 2123, Time: 00:03:59

Health: -11/47     AC:  3    Str: 15    XL:     5   Next: 14%
Magic:  5/5        EV: 13    Int:  9    God:
Gold:   116        SH:  0    Dex: 13    Spells: 4/4 levels left

rFire   + .          .
                       - Unarmed
rCold   . . .        c - orb {light}
rNeg    + + +        a - +0 robe
rPois   ∞            (no helmet)
rElec   .            n - +0 cloak
rCorr   .            (no gloves)
SInv    .            (no boots)
Will    .....        (no amulet)
Stlth   +            f - ring of fire
HPRegen 0.00/turn    (no ring)
MPRegen 0.09/turn

%: no passive effects
@: inhibited regen, glowing
A: claws 1, cold resistance 1, negative energy resistance 3, inhibited
regeneration, torment resistance 2, devour on kill
a: no special abilities


You were on level 3 of the Dungeon.
You visited 1 branch of the dungeon, and saw 3 of its levels.

You collected 158 gold pieces.
You spent 42 gold pieces at shops.

Inventory:

Missiles
 e - a throwing net (quivered)
Armour
 a - a +0 robe (worn)
 c - an orb of light (worn)
 n - a +0 cloak (worn)
Jewellery
 f - a ring of fire (left claw)
 v - a ring of magical power
Wands
 x - a wand of acid (10)
Scrolls
 d - a scroll of revelation {unknown}
 h - a scroll of vulnerability {unknown}
 j - a scroll of teleportation {unknown}
 m - a scroll of enchant armour {unknown}
 r - a scroll of fog {unknown}
 s - a scroll of fear {unknown}
 t - 2 scrolls of blinking {unknown}
 w - a scroll of noise {unknown}
 y - a scroll of identify {unknown}
Potions
 b - a potion of ambrosia
 g - 2 potions of attraction {unknown}
 i - 2 potions of curing
 k - 2 potions of cancellation {unknown}
 l - a potion of enlightenment {unknown}
 o - a potion of haste {unknown}
 p - a potion of mutation {unknown}
 q - a potion of degeneration {unknown}
 u - a potion of heal wounds {unknown}


   Skills:
 + Level 4.5 Fighting
 + Level 3.6 Dodging
 + Level 4.4 Unarmed Combat


You had 4 spell levels left.
You didn't know any spells.
Your spell library contained the following spells:

 Spells                   Type           Power      Damage    Failure   Level
 Slow                     Hex            0%         N/A       38%         1
 Confusing Touch          Hex            0%         N/A       77%         3
 Inner Flame              Hex/Fire       0%         N/A       77%         3
 Sigil of Binding         Hex            0%         N/A       77%         3
 Vampiric Draining        Necr           0%         2d6       77%         3
 Flame Wave               Conj/Fire      0%         2d4       99%         4
 Sticky Flame             Fire/Alch      0%         2d4       99%         4


Dungeon Overview and Level Annotations

Branches:
Dungeon (3/15)

Altars:
Qazlal

Shops:
D:1 !   D:2 =   D:3 (


Innate Abilities, Weirdness & Mutations

You are immune to poison.
You have sharp fingernails.
Your flesh is cold resistant. (rC+)
You are immune to negative energy. (rN+++)
You do not regenerate when monsters are visible.
You are immune to unholy pain and torment.
You thrive by killing the living.


Message History

You scratch the ogre but do no damage.
The ogre hits you with a +0 giant spiked club!!
Ouch! That really hurt!
You are too injured to fight recklessly!
You are too injured to fight recklessly!
You are too injured to fight recklessly!
You are too injured to fight recklessly!
You are too injured to fight recklessly!
You are too injured to fight recklessly!
You are too injured to fight recklessly!
You are too injured to fight recklessly!
You are too injured to fight recklessly!
You are too injured to fight recklessly!
You are too injured to fight recklessly!
You are too injured to fight recklessly!
You are too injured to fight recklessly!
You are too injured to fight recklessly!
You are too injured to fight recklessly!
You are too injured to fight recklessly!
You are too injured to fight recklessly!
You are too injured to fight recklessly!
You are too injured to fight recklessly!
You are too injured to fight recklessly!
You are too injured to fight recklessly!
You are too injured to fight recklessly!
You scratch the ogre.
The ogre is lightly wounded.
You scratch the ogre.
The ogre is moderately wounded.
The ogre closely misses you.
You completely miss the ogre.
The ogre is moderately wounded.
The ogre hits you with a +0 giant spiked club!
* * * LOW HITPOINT WARNING * * *
You scratch the ogre.
The ogre is moderately wounded.
You claw the ogre!
The ogre is severely wounded.
The ogre hits you with a +0 giant spiked club!
You die...

#.≈≈≈≈≈.....
#..#..#.....#
#.####'###'#### #.
#.#..'†....†..###.
#..#.....#..#...
####.....####.## ##
#..#.....#..#..# ##.
#..#.....#..#.).
#..##†####'####'#.##
#>O@..............##
#.................##
......#................
##.#..##+####'####'#.##
...... #..†..#..#.##
#.#.... #.....#..#.## #
###.. #.....####.# #.>
#.....# #.# '.....+


You could see an ogre.

Vanquished Creatures
  7 adders
  A dart slug (D:1)
  2 ribbon worms (D:2)
  An orc (D:3)
  8 ball pythons
  5 bats
  4 endoplasms
  5 giant cockroaches
  3 goblins
  9 hobgoblins
  A quokka (D:2)
  3 frilled lizards
  5 kobolds
  6 rats
60 creatures vanquished.

Notes
Turn   | Place    | Note
-------+----------+-------------------------------------------
     0 | D:1      | Ashen the Ghoul Monk began the quest for the Orb.
     0 | D:1      | Reached XP level 1. HP: 19/19 MP: 1/1
    99 | D:1      | Reached XP level 2. HP: 26/26 MP: 2/2
   475 | D:1      | Found Xaloazot's Distillery.
   482 | D:1      | Bought a potion of curing for 42 gold pieces
   803 | D:2      | Reached XP level 3. HP: 33/33 MP: 3/3
  1282 | D:2      | Found a faded altar of an unknown god.
  1411 | D:2      | Found Huxi's Jewellery Shop.
  1418 | D:2      | Reached XP level 4. HP: 40/40 MP: 4/4
  1775 | D:3      | Found a stormy altar of Qazlal.
  1998 | D:3      | Found Umeannat's Weapon Emporium.
  2067 | D:3      | Reached XP level 5. HP: 44/47 MP: 5/5
  2112 | D:3      | Noticed an ogre
  2121 | D:3      | HP: 1/47 [ogre/+0 giant spiked club (17)]
  2123 | D:3      | Mangled by an ogre

Illustrated notes

Levels and vault maps discovered:
D:1:      wander_arrival_fairy_ring, layout_basic, serial_shops,
          nicolae_shop_crystal, corexii_corridor_pit
D:2:      layout_basic, serial_shops, shop,
          dreamdust_ecumenical_altar_angels_and_demons
D:3:      layout_loops_ring, mainiacjoe_overflow_catwalk, serial_shops,
          nicolae_shop_bloodbath_and_beyond, st_stairs_3,
          chequers_serial_rivers_small_b, minmay_snake_closets, uniq_ijyb

Skill      XL: |  1  2  3 |
---------------+----------+-----
Dodging        | 3 |  3.6
Fighting       | 4 |  4.5
Unarmed Combat | 4 |  4.4

Action                     |  1- 3 |  4- 6 || total
---------------------------+-------+-------++-------
  Melee: Unarmed           |   115 |    85 ||   200
 Armour: Robe              |    59 |    40 ||    99
  Dodge: Dodged            |    63 |    48 ||   111
